 Dungeon Crawl Stone Soup version 0.20.1-1-g8b1a95d (console) character file.

554 ernok the Conjurer (level 7, -1/88 HPs)
             Began as a Hill Orc Air Elementalist on Sept 3, 2017.
             Slain by a hound (4 damage)
             ... on level 6 of the Dungeon.
             The game lasted 00:16:30 (2791 turns).

ernok the Conjurer (Hill Orc Air Elementalist)      Turns: 2791, Time: 00:16:30

Health: -1/88      AC:  2    Str: 18    XL:     7   Next: 30%
Magic:  0/9        EV: 12    Int: 16    God:
Gold:   93         SH:  0    Dex: 12    Spells: 6/9 levels left

rFire    . . .     SeeInvis .   a - +4 dagger (drain)
rCold    . . .     Gourm    .   (no shield)
rNeg     . . .     Faith    .   k - +0 robe
rPois    .         Spirit   .   (no helmet)
rElec    .         Reflect  .   (no cloak)
rCorr    .         Harm     .   (no gloves)
MR       .....                  (no boots)
Stlth    ..........             (no amulet)
Regen    0.3/turn               y - ring of flight
MPRegen  0.2/turn               F - +2 ring of strength

@: berserking, very slightly contaminated, very quick
A: no striking features
a: Evoke Flight


You were on level 6 of the Dungeon.
You were not hungry.

You visited 2 branches of the dungeon, and saw 7 of its levels.

You collected 251 gold pieces.
You spent 158 gold pieces at shops.

Inventory:

Hand Weapons
 a - a +4 dagger of draining (weapon)
 e - a +0 dagger of venom
 l - a +4 dagger
 C - a +1 quarterstaff of crushing
Missiles
 i - 5 tomahawks (quivered)
Armour
 k - a +0 robe (worn)
 A - a +0 buckler
Jewellery
 y - a ring of flight (left hand)
 F - a +2 ring of strength (right hand)
Wands
 G - a wand of enslavement (11/24)
Scrolls
 j - a scroll of remove curse
 n - 2 scrolls of enchant armour {unknown}
 p - a scroll of teleportation
 w - 2 scrolls of immolation {unknown}
 D - a scroll of recharging {unknown}
Potions
 d - a potion of magic
 g - 4 potions of flight
 m - 3 potions of berserk rage
 o - a potion of might
 q - a potion of ambrosia
 r - a potion of agility
 s - a potion of haste
 t - a potion of resistance {unknown}
 v - a potion of heal wounds {unknown}
 x - 2 potions of lignification {unknown}
 z - 4 potions of curing {unknown}
 B - a potion of brilliance {unknown}
Books
 b - a book of Air

   Spells                             Type                      Level
   a - Shock                          Conjuration/Air              1
   b - Swiftness                      Charms/Air                   2
   c - Static Discharge               Conjuration/Air              3
   d - Airstrike                      Air                          4
   e - Lightning Bolt                 Conjuration/Air              5
Comestibles
 c - 5 bread rations
 f - 11 fruits
 h - 4 meat rations


   Skills:
 + Level 4.0 Fighting
 + Level 1.3 Armour
 + Level 2.1 Dodging
 - Level 1.5 Stealth
 - Level 1.5 Spellcasting
 + Level 4.4 Conjurations
 + Level 4.2 Air Magic
 * Level 0.6 Evocations


You had 6 spell levels left.
You knew the following spells:

 Your Spells              Type           Power        Failure   Level  Hunger
a - Shock                 Conj/Air       ###.         3%          1    ##.....
z - Swiftness             Chrm/Air       #.......     14%         2    ###....


Dungeon Overview and Level Annotations

Branches:
Dungeon (6/15)             Temple (1/1) D:6

Altars:
Cheibriados
Dithmenos
Elyvilon
Fedhas
Hepliaklqana
Kikubaaqudgha
Makhleb
Nemelex Xobeh
Qazlal
Ru
Sif Muna
Trog
Uskayaw
Vehumet
Xom
Yredelemnul
Zin
The Shining One

Shops:
D:5 *


Message History

Nothing appears to happen.
The hound bites you.
* * * LOW HITPOINT WARNING * * *
Casting: Shock
Confirm with . or Enter, or press ? or * to list all spells.
Aiming: Shock
Press: ? - help, Shift-Dir - straight line, f/p - hound
Aim: a hound The zap hits the hound.
The hound appears unharmed.
The hound bites you.
* * * LOW HITPOINT WARNING * * *
The hound bites you.
* * * LOW HITPOINT WARNING * * *
A red film seems to cover your vision as you go berserk!
You feel yourself moving faster!
You feel mighty! The hound bites you.
* * * LOW HITPOINT WARNING * * *
You closely miss the hound. The hound bites you.
* * * LOW HITPOINT WARNING * * *
You puncture the hound!
The hound is heavily wounded.
The hound bites you.
You die...

.........###.##.#
#.##.#.#.# #.##.#
#####
#.##.#.#.##...... .##
#...#
#.##.......#.#### $..
#...###.##...#.##..#
#.##...##...#...#.#
#.#
#...............#.#
#.#
#..............)#.#
#........@h.(##.#.# .
#..##............#.#
#.. #=..##...##..#..
...#
#...###.##...########.
##..###..#...........
#.#..........#######.
#....♣.♣..##.#
#..#...>......#
#..##.♣.♣.#####


You could see a hound.

Vanquished Creatures
  A sky beast (D:5)
  3 crimson imps
  A hound (D:5)
  The ghost of Knicklaso the Charmwright, a weakling FeSk (D:3)
  Jessica (D:2)
  An iguana (D:5)
  An orc wizard (D:4)
  3 worker ants
  8 adders
  A shadow imp (D:5)
  2 worms
  2 dart slugs
  2 leopard geckos
  6 orcs (D:4)
  3 ball pythons
  7 bats
  3 giant cockroaches
  7 goblins
  3 hobgoblins
  3 jackals (D:4)
  2 kobolds (D:2)
  2 quokkas
  A frilled lizard (D:3)
  A giant cockroach zombie (D:5)
  A leopard gecko zombie (D:5)
  4 rats
70 creatures vanquished.

Notes
Turn   | Place    | Note
-------+----------+-------------------------------------------
     0 | D:1      | ernok the Hill Orc Air Elementalist began the quest for the Orb.
     0 | D:1      | Reached XP level 1. HP: 14/14 MP: 3/3
     0 | D:1      | Juska, juz za rok 33!!!
   204 | D:1      | Reached XP level 2. HP: 11/20 MP: 1/4
   213 | D:1      | Learned a level 2 spell: Swiftness
   534 | D:2      | Noticed Jessica
   575 | D:2      | Killed Jessica
   575 | D:2      | Reached XP level 3. HP: 26/26 MP: 0/5
   747 | D:2      | Reached XP level 4. HP: 33/33 MP: 0/6
   978 | D:3      | Reached skill level 1 in Fighting
  1030 | D:3      | Noticed Knicklaso's ghost (weakling FeSk)
  1040 | D:3      | Killed Knicklaso's ghost
  1040 | D:3      | Reached XP level 5. HP: 27/40 MP: 0/7
  1314 | D:3      | Found a bloodstained altar of Trog.
  1530 | D:4      | Reached XP level 6. HP: 17/50 MP: 1/8
  1665 | D:4      | Found a glowing golden altar of the Shining One.
  1922 | D:5      | Entered Level 5 of the Dungeon
  1956 | D:5      | Noticed a sky beast
  1970 | D:5      | Killed a sky beast
  2026 | D:5      | Found a hazy altar of Hepliaklqana.
  2033 | D:5      | Reached XP level 7. HP: 47/58 MP: 3/9
  2159 | D:5      | Found Oroy's Assorted Antiques.
  2172 | D:5      | Reached skill level 1 in Armour
  2181 | D:5      | Bought a large emerald ring for 115 gold pieces
  2181 | D:5      | Bought a scroll labeled KOOHEJACR ENAMN for 23 gold pieces
  2181 | D:5      | Bought a glowing orange potion for 20 gold pieces
  2520 | D:6      | Found a staircase to the Ecumenical Temple.
  2528 | Temple   | Entered the Ecumenical Temple
  2789 | D:6      | HP: 3/88 [hound (4)]
  2791 | D:6      | Slain by a hound

Skill      XL: |  1  2  3  4  5  6  7 |
---------------+----------------------+-----
Conjurations   | 2 3 4 |  4.4
Air Magic      | 3 4 |  4.2
Fighting       | 1 2 3 4 |  4.0
Armour         | 1 |  1.3
Dodging        | 2 |  2.1
Stealth        | |  1.5
Spellcasting   | |  1.5
Evocations     | |  0.6

Action                   |  1- 3 |  4- 6 |  7- 9 || total
-------------------------+-------+-------+-------++-------
Melee: Club              |     9 |       |       ||     9
       Unarmed           |     6 |       |       ||     6
       Dagger            |     6 |    61 |    80 ||   147
 Cast: Shock             |    36 |    82 |    29 ||   147
  Use: Scroll            |     5 |     5 |     1 ||    11
       Potion            |       |       |     1 ||     1
 Stab: Sleeping          |       |     2 |       ||     2
  Eat: Chunk             |       |     6 |     2 ||     8
       Royal jelly       |       |       |     1 ||     1
Armor: Robe              |    10 |     5 |    11 ||    26
Dodge: Dodged            |    33 |    46 |    50 ||   129
